AoeStats
← Hitokirivan

Pilgrims

508649093Analyzed
2v2 RM · 10d ago on Sep 23, 2026· 23m 46s· 4 players
Game mode
Random Map
Map size
Medium (4 player)
Population
200
Speed
Normal
Resources
Standard
Victory
Conquest
Starting age
Dark Age
Ending age
Imperial Age
RankedLock teamsTeams togetherTeam positionsShared explorationLock speedFull tech treeHidden civsTurbo modeCheats
Victory
Defeat
🇩🇪 Danes · Germany
1138
+12
🇩🇪 Saxons · Germany
1009
+18
🇵🇪 Vietnamese · Peru
1056
-15
🇵🇪 Persians · Peru
1040
-15
RafaelKubo
4:55 Loom
11:24 Feudal Age
12:25 Double-Bit Axe
14:34 Wheelbarrow
16:58 Castle Age
15:17 Fletching
15:30 Padded Archer Armor
17:14 Demolition Ship
18:15 Medium Warships
19:14 Bodkin Arrow
22:52 Town Watch
23:23 Hand Cart
Hitokirivan
3:57 Loom
13:46 Feudal Age
16:36 Wheelbarrow
16:52 Double-Bit Axe
17:54 Town Watch
20:10 Horse Collar
21:18 Fletching
25:11 Castle Age
CristobalHH
6:38 Loom
10:19 Feudal Age
11:11 Double-Bit Axe
13:49 Gold Mining
18:19 Castle Age
19:35 Bow Saw
20:02 Scale Barding Armor
21:28 Bloodlines
21:41 Horse Collar
KZR_Saladin
3:36 Loom
11:24 Feudal Age
11:52 Double-Bit Axe
12:00 Gold Mining
14:07 Wheelbarrow
18:59 Castle Age
17:28 Stone Mining
17:42 Fletching
19:10 Town Watch
19:15 Horse Collar
20:01 Bow Saw
20:30 Medium Warships
21:14 Bloodlines
21:58 Bodkin Arrow
Connection lost

Rejoining the realm…

Still unreachable

The connection could not be restored.

Session expired

The server has moved on; the page needs a fresh start.